 Dungeon Crawl Stone Soup version 0.22.1-1-ga44c0e56f4 (webtiles) character file.

262 D1HalberdGnoll the Slasher (level 5, 0/43 HPs)
             Began as a Demonspawn Fighter on Oct 30, 2018.
             Slain by a worker ant (6 damage)
             ... on level 4 of the Dungeon.
             The game lasted 00:04:13 (3827 turns).

D1HalberdGnoll the Slasher (Demonspawn Fighter)     Turns: 3827, Time: 00:04:14

Health: 0/43       AC:  8    Str: 15 (16) XL:     5   Next: 97%
Magic:  5/5        EV:  6    Int: 10 (11) God:
Gold:   173        SH:  8    Dex:  9 (12) Spells: 4/4 levels left

rFire    + . .     SeeInvis .   a - +0 long sword
rCold    + + .     Gourm    .   c - +0 shield
rNeg     . . .     Faith    .   b - +0 scale mail
rPois    +         Spirit   .   (no helmet)
rElec    +         Reflect  .   (no cloak)
rCorr    +         Harm     .   (no gloves)
MR       .....                  (no boots)
Stlth    ..........             (no amulet)
HPRegen  0.14/turn              (no ring)
MPRegen  0.09/turn              (no ring)

@: lethally poisoned (0 -> -13), resistant, flying
A: iridescent scales 1, cold resistance 1, rot immunity
a: no special abilities


You were on level 4 of the Dungeon.
You were not hungry.

You visited 1 branch of the dungeon, and saw 4 of its levels.

You collected 173 gold pieces.

Inventory:

Hand Weapons
 a - a +0 long sword (weapon)
Armour
 b - a +0 scale mail (worn)
 c - a +0 shield (worn)
Jewellery
 p - an uncursed ring of fire {unknown}
Wands
 v - a wand of polymorph (13)
Scrolls
 d - a scroll of amnesia {unknown}
 j - a scroll of blinking {unknown}
 k - 2 scrolls of noise {unknown}
 l - 2 scrolls of identify {unknown}
 m - 2 scrolls of teleportation {unknown}
 n - a scroll of fear {unknown}
 q - a scroll of immolation {unknown}
 r - a scroll of enchant armour {unknown}
 s - a scroll of remove curse {unknown}
Potions
 h - a potion of agility {unknown}
 i - a potion of resistance
 o - a potion of brilliance {unknown}
 t - a potion of haste {unknown}
 u - a potion of curing {unknown}
Comestibles
 f - 8 rations


   Skills:
 + Level 4.5 Fighting
 * Level 4.8 Long Blades
 - Level 2.6 Armour
 - Level 2.6 Shields


You had 4 spell levels left.
You didn't know any spells.
Your spell library was empty.

Dungeon Overview and Level Annotations

Branches:
Dungeon (4/15)
 Temple: D:4-7

Altars:
Dithmenos
Elyvilon
Sif Muna
Wu Jian
The Shining One


Innate Abilities, Weirdness & Mutations

You are partially covered in iridescent scales. (AC +2)
Your flesh is cold resistant. (rC+)
You are immune to rotting.


Message History

You closely miss the worker ant.
The worker ant is moderately wounded.
You feel sick. You block the worker ant's attack.
It was a potion of degeneration.
There was something very wrong with that liquid.
You feel weakened.
You feel dopey.
You feel clumsy.
You feel sick. You block the worker ant's attack.
It was a potion of resistance.
You feel protected. The worker ant bites you.
* * * LOW HITPOINT WARNING * * *
You are lethally poisoned!
The worker ant poisons you! The worker ant bites you.
* * * LOW HITPOINT WARNING * * *
It was a potion of flight.
You feel very buoyant.
You fly up into the air.
* * * LOW HITPOINT WARNING * * *
You feel sick. The worker ant bites you.
You die...

..######........#
#.# #........#
#.# ####.....#
#'## #.....# ...#
#....)# ...#
###.#########
...# #.........##
...# #..........#
...# #..$@......#
#### #..).a.....#
# #..........# #
#..........# +
#.........<# #
........#+##
#.######.# #. #.#
#.#


You could see a worker ant.

Vanquished Creatures
  A crimson imp (D:3)
  An orc priest (D:3)
  An orc wizard (D:3)
  Terence (D:3)
  4 adders
  An ooze (D:2)
  A worm (D:2)
  4 dart slugs
  5 leopard geckos
  4 orcs (D:3)
  12 bats
  2 giant cockroaches
  11 goblins
  10 hobgoblins
  4 jackals (D:2)
  3 quokkas
  2 ball pythons
  10 frilled lizards
  11 kobolds
  7 rats
95 creatures vanquished.

Notes
Turn   | Place    | Note
-------+----------+-------------------------------------------
     0 | D:1      | D1HalberdGnoll the Demonspawn Fighter began the quest for
                  | the Orb.
     0 | D:1      | Reached XP level 1. HP: 18/18 MP: 1/1
   112 | D:1      | Gained mutation: You are partially covered in iridescent
                  | scales. (AC +2) [demonic ancestry]
   112 | D:1      | Reached XP level 2. HP: 20/24 MP: 2/2
   576 | D:1      | Reached XP level 3. HP: 29/29 MP: 3/3
   990 | D:2      | Found an ornate altar of the Wu Jian Council.
  1364 | D:2      | Gained mutation: You are immune to rotting. [demonic
                  | ancestry]
  1364 | D:2      | Reached XP level 4. HP: 28/37 MP: 4/4
  1455 | D:2      | Found a shadowy altar of Dithmenos.
  1856 | D:2      | Found a glowing golden altar of the Shining One.
  2141 | D:3      | Noticed Terence
  2160 | D:3      | Killed Terence
  2470 | D:3      | Gained mutation: Your flesh is cold resistant. (rC+)
                  | [demonic ancestry]
  2470 | D:3      | Reached XP level 5. HP: 35/42 MP: 5/5
  2771 | D:3      | Found a deep blue altar of Sif Muna.
  3033 | D:3      | Found a white marble altar of Elyvilon.
  3102 | D:3      | Found a shadowy altar of Dithmenos.
  3827 | D:4      | Slain by a worker ant

Skill      XL: |  1  2  3  4 |
---------------+-------------+-----
Long Blades    | 2 3 4 |  4.8
Fighting       | 4 |  4.5
Armour         | |  2.6
Shields        | |  2.6

Action                   |  1- 3 |  4- 6 || total
-------------------------+-------+-------++-------
Melee: Long sword        |   179 |   230 ||   409
  Use: Potion            |       |     4 ||     4
  Eat: Chunk             |     2 |     8 ||    10
Armor: Scale mail        |    85 |   121 ||   206
Dodge: Dodged            |    67 |    62 ||   129
Block: Shield            |    87 |   123 ||   210
       Rpst.: Long sword |    15 |    17 ||    32
